 Dungeon Crawl Stone Soup version 0.27.0-1-g7a089689b8 (webtiles) character file.

Game seed: 6800896518568034558

32 dtburroughs the Skirmisher (level 3, -1/49 HPs)
             Began as a Minotaur Berserker on Aug 4, 2021.
             Was a Follower of Trog.
             Slain by an orc priest (4 damage)
             ... on level 2 of the Dungeon.
             The game lasted 00:01:06 (926 turns).

dtburroughs the Skirmisher (Minotaur Berserker)      Turns: 926, Time: 00:01:06

Health: -1/49      AC:  5    Str: 21    XL:     3   Next: 8%
Magic:  2/2        EV: 11    Int:  5    God:    Trog [*.....]
Gold:   27         SH:  0    Dex:  9    Spells: 2/2 levels left

rFire    . . .     SeeInvis .   a - +0 hand axe
rCold    . . .     Faith    .   (no shield)
rNeg     . . .     Spirit   .   f - +0 ring mail
rPois    .         Reflect  .   (helmet restricted)
rElec    .         Harm     .   (no cloak)
rCorr    .         Rampage  .   (no gloves)
Will     .....                  (no boots)
Stlth    ..........             (no amulet)
HPRegen  0.16/turn              (no ring)
MPRegen  0.08/turn              (no ring)

@: berserking, very quick
A: horns 2, retaliatory headbutt
a: Renounce Religion, Berserk


You were on level 2 of the Dungeon.
You worshipped Trog.
Trog was aware of your devotion.
You visited 1 branch of the dungeon, and saw 2 of its levels.

You collected 27 gold pieces.

Inventory:

Hand Weapons
 a - a +0 hand axe (weapon)
Armour
 b - a +0 animal skin
 f - a +0 ring mail (worn)
Scrolls
 d - a scroll of torment {unknown}
 g - a scroll of identify {unknown}
Potions
 c - a potion of brilliance {unknown}
 e - a potion of resistance {unknown}


   Skills:
 + Level 4.0 Fighting
 + Level 4.0 Axes
 + Level 3.0 Armour
 + Level 2.7 Dodging


You had 2 spell levels left.
You didn't know any spells.
Your spell library was empty.

Dungeon Overview and Level Annotations

Branches:
Dungeon (2/15)

Altars:

Shops:
D:1 (


Innate Abilities, Weirdness & Mutations

You have a pair of horns on your head.
You reflexively headbutt those who attack you in melee.


Message History

You start resting.
HP restored.
An orc and an orc priest come into view.
The orc priest is wielding a +2 vorpal hand axe.
The orc shouts!
The orc priest shouts!
You hear a shout! x2
An orc comes into view. It is wielding a +0 flail.
The orc shouts!
The orc priest casts a cantrip, but nothing happens.
The orc closely misses you. The orc hits you with a +3 hand axe.
You slash the orc!
You kill the orc!
Trog accepts your kill.
You barely miss the orc.
A hobgoblin comes into view.
The orc barely misses you.
You have reached level 3!
Your experience leads to an increase in your attributes!
Increase (S)trength, (I)ntelligence, or (D)exterity?
You feel clever.
You completely miss the orc priest. You hit the orc.
The orc priest hits you but does no damage.
The orc hits you with a +3 hand axe.
The orc priest hits you with a +2 vorpal hand axe.
You barely miss the orc priest. You hit the orc but do no damage.
The orc closely misses you.
The orc priest hits you with a +2 vorpal hand axe.
You hit the orc priest but do no damage.
You hit the orc.
You kill the orc!
Trog accepts your kill.
The orc priest invokes the aid of Beogh against you.
Beogh smites you!
* * * LOW HITPOINT WARNING * * *
You closely miss the orc priest.
The orc priest hits you with a +2 vorpal hand axe.
* * * LOW HITPOINT WARNING * * *
x2 A red film seems to cover your vision as you go berserk!
You feel yourself moving faster!
You feel mighty!
The orc priest hits you with a +2 vorpal hand axe.
You die...

####.# #.#
#g. .. #.#
#o##.# #.#
###@##.#
###.#
##.).##.#
.##.#
#..#.##.#
. #.#
#.......#
#.#
#..#.#..#
#.#
##......#
#)#
#.#.#..#
.# ##.#
#......#
.#
##..######
###.##.#
#.#


You could see an orc priest and a hobgoblin.

Vanquished Creatures
  A worm (D:2)
  2 orcs (D:2)
  2 endoplasms (D:1)
  2 giant cockroaches (D:1)
  2 goblins
  3 jackals (D:1)
  3 kobolds (D:1)
  2 quokkas
  2 ball pythons (D:1)
  A bat (D:1)
  A frilled lizard (D:2)
  3 rats
24 creatures vanquished.

Notes
Turn   | Place    | Note
-------+----------+-------------------------------------------
     0 | D:1      | dtburroughs the Minotaur Berserker began the quest for the
                  | Orb.
     0 | D:1      | Reached XP level 1. HP: 19/19 MP: 0/0
   190 | D:1      | Found Mesa's Antique Weapon Boutique.
   196 | D:1      | Reached XP level 2. HP: 27/27 MP: 1/1
   922 | D:2      | Reached XP level 3. HP: 27/33 MP: 2/2
   926 | D:2      | Slain by an orc priest

Illustrated notes

Levels and vault maps discovered:
D:1:      dpeg_arrival_rhombus, layout_loops_ring, serial_shops, shop
D:2:      layout_loops_ring, serial_glass, glass_columns_b, glass_columns_a,
          glass_columns_c, glass_columns_a, due_unseen_surprise,
          minmay_strange_pillars, feat_on_display, basic_ecumenical_altar,
          minmay_misc_feat_pillars

Skill      XL: |  1  2 |
---------------+-------+-----
Fighting       | 4 |  4.0
Armour         | 3 |  3.0
Axes           | 4 |  4.0
Dodging        | |  2.7

Action                   || total
-------------------------++-------
Melee: Hand axe          ||    39
       Headbutt          ||    11
Invok: Berserk           ||     1
 Stab: Sleeping          ||     1
Armor: Animal skin       ||     5
       Ring mail         ||     2
Dodge: Dodged            ||    24
